 Dungeon Crawl Stone Soup version 0.15-a0-1788-ga796aff (webtiles) character file.

2128 BluebellGnoll the Fighter (level 9, 87/87 HPs)
             Began as an Ogre Hunter on June 29, 2014.
             Was a Believer of Okawaru.
             Quit the game in the Ecumenical Temple.
             The game lasted 00:33:56 (7259 turns).

BluebellGnoll the Fighter (Ogre Hunter)             Turns: 7259, Time: 00:33:56

HP  87/87        AC  5     Str 19      XL: 9   Next: 29%
MP   9/9         EV 11     Int 13      God: Okawaru [**....]
Gold 389         SH  0     Dex 10      Spells:  0 memorised,  8 levels left

rFire  + . .     SeeInvis .     C - +3 flail
rCold  . . .     Clarity  .     d - +0 animal skin
rNeg   . . .     rCorr    .     (shield restricted)
rPois  .         rRot     .     (helmet restricted)
rElec  .         Spirit   .     g - +1 cloak
SustAb .         Warding  .     (gloves unavailable)
rMut   .         Stasis   .     (boots unavailable)
Gourm  .                        (no amulet)
MR     .....                    (no ring)
                                B - ring of protection from fire

@: very slightly contaminated, not resistant to hostile enchantments, very
unstealthy
A: unfitting armour, deterioration 1, frail 1, tough skin 1, placid magic 1
a: Heroism, Renounce Religion


You were in the Ecumenical Temple.
You worshipped Okawaru.
Okawaru was pleased with you.
You were not hungry.

You visited 2 branches of the dungeon, and saw 8 of its levels.

You collected 389 gold pieces.

Inventory:

Hand weapons
 s - a +0 blowgun
 C - a +3 flail (weapon)
Missiles
 b - 3 large rocks
 l - 2 tomahawks
 t - 5 curare-tipped needles
 y - 4 javelins (quivered)
Armour
 d - a +0 animal skin (worn)
 g - a +1 cloak (worn)
Magical devices
 i - a wand of slowing (13)
 I - a wand of lightning (5) {unknown}
Comestibles
 h - 4 bread rations
 j - 6 fruits
Scrolls
 u - a scroll of immolation
 v - 3 scrolls of fog
 w - 2 scrolls of teleportation
 A - 3 scrolls of remove curse
 E - a scroll of blinking
 H - a scroll of enchant weapon
Jewellery
 B - a ring of protection from fire (left hand)
Potions
 a - a potion of paralysis {unknown}
 e - 2 potions of heal wounds
 m - 3 potions of curing
 n - 2 potions of poison {unknown}
 r - a potion of invisibility
 D - a potion of magic {unknown}
Books
 z - a book of Clouds

   Spells                             Type                      Level
   Mephitic Cloud                     Conjuration/Poison/Air       3
   Conjure Flame                      Conjuration/Fire             3
   Poisonous Cloud                    Conjuration/Poison/Air       6
   Freezing Cloud                     Conjuration/Ice/Air          6
   Ring of Flames                     Charms/Fire                  7
 G - a book of the Tempests

   Spells                             Type                      Level
   Static Discharge                   Conjuration/Air              3
   Lightning Bolt                     Conjuration/Air              5
   Fireball                           Conjuration/Fire             5
   Tornado                            Air                          9
   Shatter                            Earth                        9


   Skills:
 - Level 8.9 Fighting
 * Level 8.9 Maces & Flails
 + Level 6.4 Throwing
 - Level 5.8 Dodging
 - Level 0.7 Stealth


You had 8 spell levels left.
You didn't know any spells.

Dungeon Overview and Level Annotations

Branches:
Dungeon (7/15)             Temple (1/1) D:7

Altars:
Ashenzari
Elyvilon
Fedhas
Kikubaaqudgha
Makhleb
Nemelex Xobeh
Okawaru
Vehumet
Xom
Yredelemnul
The Shining One


Innate Abilities, Weirdness & Mutations

You are too large for most types of armour.
You have tough skin (AC +1).
Your body is slowly deteriorating.
You are frail (-10% HP).
Your spells are a little easier to cast, but a little less powerful.


Message History

You feel more in control of your magic.
There is a staircase to the Ecumenical Temple here.
Unknown command.
Unknown command.
Unknown command.
Drink which item? (? for menu, Esc to quit)
Okay, then.
You climb downwards.
Welcome to the Ecumenical Temple!
There is a staircase back to the Dungeon here.
Items here: %%%% ))) //
Okay, then.
Read which item? (? for menu, Esc to quit)
You start resting.
Your body shudders with the violent release of wild energies!
You feel yourself wasting away.
You start resting.
Your body shudders with the violent release of wild energies!
You feel frail.
You feel less contaminated with magical energies.
Are you sure you want to abandon this character and quit the game? (Confirm with "yes".)

#####
##...##
#.....#
#..@..#
#.......#
#.......#
+.......8#
#.......##
#.......8
#.......##
#.......8
...


There were no monsters in sight!

Vanquished Creatures
  Eustachio (D:5)
  Edmund (D:5)
  A water moccasin (D:6)
  2 ice beasts
  4 ogres
  A big kobold (D:7)
  A giant frog (D:7)
  A water moccasin skeleton (D:7)
  2 vampire bats (D:2)
  3 wights (D:6)
  A crimson imp (D:4)
  3 jellies (D:5)
  5 hounds
  5 orc wizards
  4 worker ants
  Ijyb (D:2)
  Terence (D:2)
  A hound skeleton (D:4)
  13 adders
  A gnoll (D:1)
  A giant mite (D:6)
  8 worms
  4 giant geckos
  An ooze (D:3)
  25 orcs
  2 bat skeletons (D:2)
  4 bat zombies (D:2)
  11 hobgoblins
  6 jackals
  20 kobolds
  A ball python (D:6)
  13 bats
  4 giant cockroaches
  5 giant newts
  11 goblins
  A goblin zombie (D:5)
  A hobgoblin skeleton (D:5)
  An orc skeleton (D:4)
  2 quokka skeletons
  10 rats
183 creatures vanquished.

Vanquished Creatures (collateral kills)
  A giant gecko (D:7)
1 creature vanquished.

Grand Total: 184 creatures vanquished

Notes
Turn   | Place    | Note
--------------------------------------------------------------
     0 | D:1      | BluebellGnoll, the Ogre Hunter, began the quest for the Orb.
     0 | D:1      | Reached XP level 1. HP: 22/22 MP: 1/1
   272 | D:1      | Reached XP level 2. HP: 13/29 MP: 2/2
   911 | D:1      | Reached XP level 3. HP: 33/36 MP: 3/3
  1440 | D:2      | Noticed Ijyb
  1449 | D:2      | Killed Ijyb
  1504 | D:2      | Reached XP level 4. HP: 41/44 MP: 4/4
  1513 | D:2      | Found an ancient bone altar of Kikubaaqudgha.
  1523 | D:2      | Reached skill level 5 in Maces & Flails
  1542 | D:2      | Reached skill level 6 in Maces & Flails
  1542 | D:2      | Reached XP level 5. HP: 34/50 MP: 5/5
  1852 | D:2      | Noticed Terence
  1931 | D:2      | Killed Terence
  1931 | D:2      | Reached skill level 7 in Maces & Flails
  2540 | D:3      | Reached XP level 6. HP: 59/61 MP: 6/6
  2646 | D:3      | Found a shimmering altar of Xom.
  3532 | D:4      | Found a burning altar of Makhleb.
  3532 | D:4      | Found a radiant altar of Vehumet.
  3822 | D:4      | Reached XP level 7. HP: 36/71 MP: 7/7
  4143 | D:4      | Reached skill level 5 in Fighting
  4378 | D:4      | Found an iron altar of Okawaru.
  4382 | D:4      | Became a worshipper of Warmaster Okawaru
  4541 | D:4      | Found a glowing golden altar of the Shining One.
  4741 | D:4      | Got a twisted spear
  4886 | D:5      | Entered Level 5 of the Dungeon
  4991 | D:5      | Reached XP level 8. HP: 58/87 MP: 8/8
  5197 | D:5      | Reached skill level 5 in Dodging
  5415 | D:5      | Reached skill level 8 in Fighting
  5497 | D:5      | Noticed Eustachio
  5524 | D:5      | Killed Eustachio
  5524 | D:5      | Acquired Okawaru's first power
  5608 | D:5      | Noticed Edmund
  5647 | D:5      | Killed Edmund
  6035 | D:6      | Found a white marble altar of Elyvilon.
  6150 | D:6      | Reached skill level 5 in Throwing
  6181 | D:6      | Reached XP level 9. HP: 97/97 MP: 9/9
  6649 | D:6      | Found a blossoming altar of Fedhas.
  7002 | D:7      | Found a shattered altar of Ashenzari.
  7002 | D:7      | Found a sparkling altar of Nemelex Xobeh.
  7123 | D:7      | Found a basalt altar of Yredelemnul.
  7126 | D:7      | Found a staircase to the Ecumenical Temple.
  7136 | Temple   | Entered the Ecumenical Temple
  7141 | Temple   | Identified the +3 spear of Twaniw {distort, rC- MR+} (You found it on level 4 of the Dungeon)
  7154 | D:7      | Gained mutation: Your spells are a little easier to cast, but a little less powerful. [mutagenic glow]
  7208 | Temple   | Gained mutation: Your body is slowly deteriorating. [mutagenic glow]
  7258 | Temple   | Gained mutation: You are frail (-10% HP). [mutagenic glow]
  7259 | Temple   | Quit the game

Action                   |  1- 3 |  4- 6 |  7- 9 || total
-------------------------+-------+-------+-------++-------
Melee: Club              |    84 |   165 |   250 ||   499
       Flail             |       |       |     4 ||     4
Throw: Large rock        |    12 |     5 |    11 ||    28
       Throwing net      |     1 |     4 |     2 ||     7
       Javelin           |       |    24 |    54 ||    78
       Tomahawk          |       |       |     3 ||     3
Evoke: Wand              |       |     1 |     1 ||     2
  Use: Scroll            |       |     9 |     4 ||    13
 Stab: Sleeping          |     1 |     1 |       ||     2
       Held in net/web   |       |     1 |     1 ||     2
       Confused          |       |       |     2 ||     2
